 Dungeon Crawl Stone Soup version 0.25-a0-292-gaa31f046c4 (webtiles) character file.

Game seed: 7608188086810765489, levelgen mode: deterministic

4 MrRokkomies the Magician (level 1, -1/13 HPs)
             Began as a Gnoll Wanderer on Dec 15, 2019.
             Slain by a jackal (2 damage)
             ... on level 1 of the Dungeon.
             The game lasted 00:00:50 (82 turns).

MrRokkomies the Magician (Gnoll Wanderer)             Turns: 82, Time: 00:00:50

Health: -1/13      AC:  2    Str: 15    XL:     1   Next: 70%
Magic:  6/6        EV: 11    Int: 19    God:
Gold:   39         SH:  0    Dex: 13    Spells: 9/9 levels left

rFire    . . .     SeeInvis .   a - +2 whip (pain)
rCold    . . .     Gourm    .   (no shield)
rNeg     . . .     Faith    .   e - +0 robe
rPois    .         Spirit   .   (no helmet)
rElec    .         Reflect  .   (no cloak)
rCorr    .         Harm     .   (no gloves)
MR       .....                  (no boots)
Stlth    +.........             (no amulet)
HPRegen  0.04/turn              (no ring)
MPRegen  0.10/turn              (no ring)

@: brilliant
A: distributed training, fangs 1, strong nose
a: no special abilities


You were on level 1 of the Dungeon.
You were not hungry.

You visited 1 branch of the dungeon, and saw 1 of its levels.

You collected 39 gold pieces.

Inventory:

Hand Weapons
 a - a +2 whip of pain (weapon)
 c - a +2 dagger
Armour
 e - a +0 robe (worn)
Scrolls
 d - 2 scrolls of teleportation
Comestibles
 f - a ration


   Skills:
 + Level 0.1 Fighting
 + Level 0.1 Short Blades
 + Level 0.1 Long Blades
 + Level 0.1 Axes
 + Level 0.1 Maces & Flails
 + Level 0.1 Polearms
 + Level 0.1 Staves
 + Level 0.1 Slings
 + Level 0.1 Bows
 + Level 0.1 Crossbows
 + Level 4.4 Throwing
 + Level 0.1 Armour
 + Level 0.1 Dodging
 + Level 0.1 Stealth
 + Level 0.1 Shields
 + Level 0.1 Unarmed Combat
 + Level 4.9 Spellcasting
 + Level 0.1 Conjurations
 + Level 3.6 Hexes
 + Level 0.1 Charms
 + Level 0.1 Summonings
 + Level 3.6 Necromancy
 + Level 0.1 Translocations
 + Level 0.1 Transmutations
 + Level 2.0 Fire Magic
 + Level 0.1 Ice Magic
 + Level 0.1 Air Magic
 + Level 0.1 Earth Magic
 + Level 2.0 Poison Magic
 + Level 0.2 Invocations
 + Level 0.1 Evocations


You had 9 spell levels left.
You didn't know any spells.
Your spell library contained the following spells:

 Spells                   Type           Power        Failure   Level  Hunger
 Poisonous Vapours        Pois/Air       ###...       1%          2    #......
 Swiftness                Chrm/Air       ###.....     2%          2    #......


Dungeon Overview and Level Annotations

Branches:
Dungeon (1/15)

Altars:


Innate Abilities, Weirdness & Mutations

Your experience applies equally to all skills.
You have very sharp teeth.
Your uncanny sense of smell can sniff out nearby items.


Message History

The hobgoblin is poisoned.
The hobgoblin convulses.
You kill the hobgoblin!
Your Fire Magic skill increases to level 2!
Your Poison Magic skill increases to level 2!
A jackal comes into view.
Throwing (i - inventory)
b - 2 curare-tipped darts (quivered)
Press: ? - help, Shift-Dir - straight line, f - jackal
Aim: a jackal (hasn't noticed you)
You throw a curare-tipped dart.
The curare-tipped dart barely misses the jackal.
The jackal barks!
Throwing (i - inventory)
b - a curare-tipped dart (quivered)
Press: ? - help, Shift-Dir - straight line, f/p - jackal
Aim: a jackal You throw a curare-tipped dart.
The curare-tipped dart closely misses the jackal.
You barely miss the jackal. You bite the jackal, but do no damage.
The jackal closely misses you.
You completely miss the jackal. The jackal bites you.
You die...

# #..#### #..#
#.......# #..#
.#.##.#..##.# #..#
.........##.# #..#
#.###.###..#
##..........######
#......####...†...
#.###### #####...
#@# #.## #h###
.... #$#.## ##..#.
#....# #.#..
+......%..?. .. .
##......#### ### .
#..#(#.# #..###.#
#..# #


You could see a jackal.

Vanquished Creatures
  A hobgoblin (D:1)
  2 jackals (D:1)
  A frilled lizard (D:1)
4 creatures vanquished.

Notes
Turn   | Place    | Note
-------+----------+-------------------------------------------
     0 | D:1      | MrRokkomies the Gnoll Wanderer began the quest for the Orb.
     0 | D:1      | MrRokkomies set off with the following items: a +2 dagger,
                  | 3 curare-tipped darts, a scroll of teleportation, a +0
                  | robe, a ration; and the following spells available to
                  | memorise: Poisonous Vapours, Swiftness
     0 | D:1      | Reached XP level 1. HP: 13/13 MP: 6/6
    82 | D:1      | Slain by a jackal

Levels and vault maps discovered:
D:1:      ebering_hopf_link, layout_loops_corners, serial_bayou_ford_a

Skill      XL: |  1 |
---------------+----+-----
Fire Magic     | 2 |  2.0
Poison Magic   | 2 |  2.0
Fighting       | |  0.1
Short Blades   | |  0.1
Long Blades    | |  0.1
Axes           | |  0.1
Maces & Flails | |  0.1
Polearms       | |  0.1
Staves         | |  0.1
Slings         | |  0.1
Bows           | |  0.1
Crossbows      | |  0.1
Throwing       | |  4.4
Armour         | |  0.1
Dodging        | |  0.1
Stealth        | |  0.1
Shields        | |  0.1
Unarmed Combat | |  0.1
Spellcasting   | |  4.9
Conjurations   | |  0.1
Hexes          | |  3.6
Charms         | |  0.1
Summonings     | |  0.1
Necromancy     | |  3.6
Translocations | |  0.1
Transmutations | |  0.1
Ice Magic      | |  0.1
Air Magic      | |  0.1
Earth Magic    | |  0.1
Invocations    | |  0.2
Evocations     | |  0.1

Action                   || total
-------------------------++-------
Melee: Whip              ||    11
       Bite              ||     3
Throw: Dart              ||     3
  Use: Potion            ||     1
Armor: Robe              ||     1
Dodge: Dodged            ||    10

Table legend:
 A = Non-vault XP
 B = Vault XP
 C = Vault XP percentage of total XP
 D = Non-vault monster count
 E = Vault monster count
 F = Vault count percentage of total count
                 A         B        C        D         E       F
            +---------+---------+-------+---------+---------+-------
      Total |       7 |       0 |   0.0 |       4 |       0 |   0.0
            +---------+---------+-------+---------+---------+-------
        D:1 |       7 |       0 |   0.0 |       4 |       0 |   0.0
            +---------+---------+-------+---------+---------+-------
